 Dungeon Crawl Stone Soup version 0.27-a0-1217-g8a41f320e8 (webtiles) character file.

Game seed: 9009758599302880650

566 27snakeeyes612 the Chopper (level 7, -2/61 HPs)
             Began as a Minotaur Fighter on June 6, 2021.
             Succumbed to an orc wizard's poison
             ... on level 4 of the Dungeon.
             The game lasted 00:02:32 (3864 turns).

27snakeeyes612 the Chopper (Minotaur Fighter)       Turns: 3864, Time: 00:02:33

Health: -2/61      AC: 12    Str: 22    XL:     7   Next: 10%
Magic:  6/6        EV:  5    Int:  5    God:
Gold:   130        SH: 10    Dex: 10    Spells: 6/6 levels left

rFire    . . .     SeeInvis .   a - +0 war axe
rCold    . . .     Faith    .   c - +0 kite shield
rNeg     . . .     Spirit   .   p - +0 plate armour
rPois    .         Reflect  .   (helmet restricted)
rElec    .         Harm     .   (no cloak)
rCorr    .         Rampage  .   (no gloves)
Will     .....                  (no boots)
Stlth    ..........             (no amulet)
HPRegen  0.20/turn              (no ring)
MPRegen  0.10/turn              (no ring)

@: lethally poisoned (-2 -> -22)
A: horns 2, retaliatory headbutt
a: no special abilities


You were on level 4 of the Dungeon.
You visited 1 branch of the dungeon, and saw 4 of its levels.

You collected 130 gold pieces.

Inventory:

Hand Weapons
 a - a +0 war axe (weapon)
Armour
 b - a +0 scale mail
 c - a +0 kite shield (worn)
 l - a +0 chain mail
 p - a +0 plate armour (worn)
Jewellery
 e - a +4 ring of protection
Wands
 k - a wand of paralysis (9) (quivered)
Scrolls
 f - 2 scrolls of fear {unknown}
 g - 2 scrolls of vulnerability {unknown}
 h - 2 scrolls of amnesia {unknown}
 i - a scroll of summoning {unknown}
 j - 2 scrolls of enchant weapon {unknown}
 n - a scroll of immolation {unknown}
 o - a scroll of noise {unknown}
 q - a scroll of identify {unknown}
 s - a scroll of fog {unknown}
 u - a scroll of brand weapon {unknown}
 v - a scroll of magic mapping {unknown}
Potions
 d - 2 potions of might
 m - a potion of heal wounds {unknown}
 r - a potion of lignification {unknown}
 t - a potion of mutation {unknown}


   Skills:
 + Level 5.3 Fighting
 + Level 5.8 Axes
 + Level 5.2 Armour
 + Level 1.1 Dodging
 + Level 0.9 Stealth
 + Level 5.5 Shields


You had 6 spell levels left.
You didn't know any spells.
Your spell library was empty.

Dungeon Overview and Level Annotations

Branches:
Dungeon (4/15)
 Temple: D:4-7

Altars:

Shops:
D:1 !

Annotations:
D:3 2 transporters, knorpule3000's ghost, amateur HuWn
D:4 1 runed translucent door, Crazy Yiuf


Innate Abilities, Weirdness & Mutations

You have a pair of horns on your head.
You reflexively headbutt those who attack you in melee.


Message History

You are too confused!
You are too confused!
You are too confused!
You are too confused!
You are too confused!
You are too confused!
You are too confused!
You bump into the rock wall.
Something hits you but does no damage.
You are poisoned.
You miss something.
You feel very sick. Something hits you but does no damage.
You are more poisoned.
Something hits you.
You closely miss something. Your headbutt misses something.
You feel very sick.
You hear some strange, mumbled words.
A puff of flame appears from out of thin air!
The puff of flame hits you.
You bump into the rock wall.
You feel very sick. Something hits you.
* * * LOW HITPOINT WARNING * * *
You are more poisoned.
* * * LOW HITPOINT WARNING * * *
You feel very sick.
You bump into the rock wall.
* * * LOW HITPOINT WARNING * * *
You feel very sick. Something hits you but does no damage.
You are lethally poisoned!
You barely miss something. Your headbutt misses something.
You feel less confused.
* * * LOW HITPOINT WARNING * * *
You feel very sick. Something hits you.
* * * LOW HITPOINT WARNING * * *
You are more poisoned.
You miss something. Your headbutt misses something.
You die...

... .. #.#.# ....
.. #.#.#
###..#########.#.#
...............#.#
##..###....##.##.#
...# #.#####....#
#######.# ####.#
........# #.#
####.#### #@# #.#
#.# #.# #o# #.#
.o# #.# #.## #.#
#. # #.# #. # #.#
#. # #.


You could see 2 orcs.

Vanquished Creatures
  A necrophage (D:4)
  An ogre (D:3)
  A bullfrog (D:4)
  A scorpion (D:4)
  An orc priest (D:4)
  An iguana (D:4)
  A hound skeleton (D:4)
  Robin (D:3)
  3 gnolls (D:2)
  8 adders
  A worm (D:3)
  2 dart slugs (D:1)
  5 orcs
  7 endoplasms
  2 giant cockroaches (D:1)
  13 goblins
  10 hobgoblins
  8 jackals (D:1)
  5 kobolds
  A quokka (D:3)
  5 ball pythons
  5 bats
  2 frilled lizards (D:3)
  6 rats
91 creatures vanquished.

Notes
Turn   | Place    | Note
-------+----------+-------------------------------------------
     0 | D:1      | 27snakeeyes612 the Minotaur Fighter began the quest for the
                  | Orb.
     0 | D:1      | Reached XP level 1. HP: 19/19 MP: 0/0
   112 | D:1      | Reached XP level 2. HP: 27/27 MP: 1/1
   494 | D:1      | Reached XP level 3. HP: 29/33 MP: 2/2
   589 | D:1      | Found Jixool's Distillery.
  1320 | D:2      | Reached XP level 4. HP: 35/40 MP: 3/3
  1639 | D:3      | Found a transporter.
  1642 | D:3      | Noticed knorpule3000's ghost (amateur HuWn)
  1656 | D:3      | Found a transporter.
  2204 | D:3      | Noticed Robin
  2232 | D:3      | Killed Robin
  2233 | D:3      | Reached XP level 5. HP: 12/47 MP: 4/4
  2872 | D:4      | Noticed an ogre
  2933 | D:3      | Killed an ogre
  2934 | D:3      | Reached skill level 5 in Fighting
  2934 | D:3      | Reached skill level 1 in Dodging
  3082 | D:4      | Reached XP level 6. HP: 36/56 MP: 5/5
  3337 | D:4      | Found a runed translucent door.
  3338 | D:4      | Noticed Crazy Yiuf
  3465 | D:4      | Reached skill level 5 in Axes
  3600 | D:4      | Reached skill level 5 in Shields
  3672 | D:4      | Reached XP level 7. HP: 52/61 MP: 6/6
  3796 | D:4      | Reached skill level 5 in Armour
  3864 | D:4      | Succumbed to an orc wizard's poison

Illustrated notes

Levels and vault maps discovered:
D:1:      minmay_arrival_stair_chambers, layout_basic, serial_shops,
          nicolae_shop_crystal
D:2:      layout_basic
D:3:      layout_loops_corners, gammafunk_ghost_stat_death, uniq_robin
D:4:      layout_loops_ring, sigmund_edmund_badplayer, uniq_sigmund,
          uniq_crazy_yiuf_cottage

Skill      XL: |  1  2  3  4  5  6  7 |
---------------+----------------------+-----
Shields        | 4 5 |  5.5
Axes           | 3 4 5 |  5.8
Armour         | 4 5 |  5.2
Fighting       | 4 5 |  5.3
Dodging        | 1 |  1.1
Stealth        | |  0.9

Action                   |  1- 3 |  4- 6 |  7- 9 || total
-------------------------+-------+-------+-------++-------
Melee: War axe           |    81 |   132 |    16 ||   229
       Headbutt          |     9 |    18 |       ||    27
Evoke: Wand              |       |     1 |       ||     1
 Stab: Paralysed         |       |     3 |       ||     3
Armor: Scale mail        |    43 |     1 |       ||    44
       Chain mail        |       |    36 |       ||    36
       Plate armour      |       |    28 |     8 ||    36
Dodge: Dodged            |    44 |    35 |       ||    79
Block: Kite shield       |    55 |    74 |     4 ||   133

Table legend: (Time is in decaauts)
 A = Elapsed time spent in this place.
 B = Non-inter-level travel time spent in this place.
 C = Inter-level travel time spent in this place.
 D = Time resting spent in this place.
 E = Time spent auto-exploring this place.
 F = Levels seen in this place.
 G = Mean time per level.
                   A        B        C        D        E       F      G
               +--------+--------+--------+--------+--------+-----+--------+
         Total |   3983 |   3865 |    118 |    140 |   3092 |   4 |  995.8 |
       Dungeon |   3983 |   3865 |    118 |    140 |   3092 |   4 |  995.8 |
               +--------+--------+--------+--------+--------+-----+--------+

Top non-repeatable levels by time:
     D:3: 1474 daAuts
     D:1: 925 daAuts
     D:4: 873 daAuts
     D:2: 709 daAuts
